 Dungeon Crawl Stone Soup version 0.28.0 (webtiles) character file.

Game seed: 7743708103835052671

21 porpoise the Skirmisher (level 2, 0/25 HPs)
             Began as a Palentonga Abyssal Knight on Feb 13, 2022.
             Was a Follower of Lugonu.
             Slain by a scorpion (1 damage)
             ... on level 4 of the Dungeon.
             The game lasted 00:02:45 (1382 turns).

porpoise the Skirmisher (Palentonga Abyssal Knight) Turns: 1382, Time: 00:02:45

Health: 0/25       AC:  7    Str: 16    XL:     2   Next: 65%
Magic:  3/3        EV:  9    Int: 10    God:    Lugonu [*.....]
Gold:   17         SH:  0    Dex: 10    Spells: 1/1 levels left

rFire   . . .      SeeInvis +   a - +1 hand axe
rCold   . . .      Faith    .   (no shield)
rNeg    . . .      Spirit   .   g - +0 leather armour
rPois   .          Reflect  .   (no helmet)
rElec   .          Harm     .   d - +2 cloak
rCorr   .          Rampage  .   (no gloves)
Will    .....                   (no barding)
Stlth   +.........              (no amulet)
HPRegen 0.08/turn               (no ring)
MPRegen 0.08/turn               (no ring)

@: lethally poisoned (0 -> -2), invisible
A: large, rugged brown scales 3, see invisible, deformed body, roll 1, armoured
tail
a: Rolling Charge, Renounce Religion, Depart the Abyss


You were on level 4 of the Dungeon.
You worshipped Lugonu.
Lugonu was aware of your devotion.
You visited 1 branch of the dungeon, and saw 3 of its levels.
You visited the Abyss 1 time.

You collected 17 gold pieces.

Inventory:

Hand Weapons
 a - a +1 hand axe (weapon)
 b - a +0 hunting sling
Missiles
 f - 12 poisoned darts
Armour
 d - a +2 cloak (worn)
 g - a +0 leather armour (worn)
Scrolls
 c - a scroll of magic mapping {unknown}
 j - a scroll of identify {unknown}
Potions
 h - a potion of invisibility
 i - a potion of mutation {unknown}


   Skills:
 + Level 3.2 Fighting
 * Level 2.7(2.8) Axes
 + Level 0.9(1.8) Polearms
 - Level 1.5 Armour
 - Level 0.7 Dodging
 - Level 2.0 Invocations


You had one spell level left.
You didn't know any spells.
Your spell library was empty.

Dungeon Overview and Level Annotations

Branches:
Dungeon (2/15)

Altars:


Innate Abilities, Weirdness & Mutations

You are completely covered in rugged brown scales. (AC +3, +7% HP)
You have supernaturally acute eyesight. (SInv)
Armour fits poorly on your strangely shaped body.
You can roll at nearby foes to attack.
You have a long armoured tail.


Message History

* * * LOW HITPOINT WARNING * * *
Unknown command.
It was a potion of invisibility.
You fade into invisibility!
* * * LOW HITPOINT WARNING * * *
You feel sick. The adder completely misses you. The scorpion barely misses you.
The adder bites you but does no damage.
Unknown command.
It was a potion of heal wounds.
You feel much better.
You feel sick. The scorpion stings you. The adder bites you.
You feel sick.
You feel sick.
You are no longer poisoned.
The adder bites you but does no damage.
You hit the adder.
The adder is moderately wounded.
The adder barely misses you.
The scorpion stings you but does no damage.
You miss the adder.
The adder is moderately wounded.
You closely miss the scorpion. The adder bites you.
You are poisoned.
The adder poisons you! The scorpion barely misses you.
The adder barely misses you.
You catch the helpless scorpion completely off-guard!
You hit the scorpion.
Your tail-slap misses the scorpion.
The scorpion is almost dead.
You hit the adder but do no damage.
You feel sick. The scorpion closely misses you. The adder barely misses you.
You hit the scorpion.
The scorpion is almost dead.
You miss the adder.
You feel sick. The adder bites you but does no damage. The scorpion stings you.
* * * LOW HITPOINT WARNING * * *
You hit the scorpion but do no damage.
The scorpion is almost dead.
You closely miss the adder.
* * * LOW HITPOINT WARNING * * *
You feel sick. The adder bites you but does no damage. The scorpion stings you.
You die...

.. .....##
.....#.....#
#....#.#.#.########
..............$....
......#.#........#
.................
#.....g........
#.....s....(.#.
#.)..@S........
#########+##.#.


You could see a scorpion, an adder and a goblin.

Vanquished Creatures
  A dart slug (D:1)
  3 endoplasms (D:1)
  2 giant cockroaches (D:1)
  A goblin (D:1)
  A hobgoblin (D:1)
  3 jackals (D:1)
  A kobold (D:4)
  2 ball pythons (D:1)
  A bat (D:1)
  2 frilled lizards (D:1)
17 creatures vanquished.

Vanquished Creatures (others)
  2 plants (D:1)
2 creatures vanquished.

Grand Total: 19 creatures vanquished

Notes
Turn   | Place    | Note
-------+----------+-------------------------------------------
     0 | Abyss:1  | porpoise the Palentonga Abyssal Knight began the quest for
                  | the Orb.
     0 | Abyss:1  | Reached XP level 1. HP: 19/19 MP: 2/2
    52 | Abyss:1  | Found a hazy altar of Hepliaklqana.
    94 | Abyss:1  | Noticed a stone giant zombie
    95 | D:1      | Escaped the Abyss
   511 | D:1      | Reached XP level 2. HP: 25/25 MP: 3/3
   654 | D:1      | Reached * piety under Lugonu
  1361 | D:2      | You fall into a shaft and drop 2 floors!
  1365 | D:4      | Noticed a scorpion
  1374 | D:4      | HP: 1/25 [poisoned by a scorpion]
  1382 | D:4      | HP: 1/25 [poisoned by an adder]
  1382 | D:4      | Slain by a scorpion

Illustrated notes

Levels and vault maps discovered:
D:1:      heliophobic_arrival_ceremonial_halls, layout_loops_corners,
          serial_bayou_lake_a
D:2:      layout_rooms
D:4:      layout_basic, mainiacjoe_overflow_concentric_impassable, serial_glass,
          glass_columns_a, glass_columns_b, glass_columns_a, glass_columns_b,
          glass_columns_a, glass_columns_a, glass_columns_b, glass_columns_a,
          glass_columns_b, glass_columns_a, glass_columns_b, glass_columns_b,
          glass_columns_a, glass_columns_b, minmay_liquid_box, minmay_bent,
          uniq_grinder

Action                   || total
-------------------------++-------
Melee: Hand axe          ||    46
       Tailslap          ||     3
       Punch             ||     2
Invok: Depart the Abyss  ||     1
 Abil: Rolling Charge    ||     3
  Use: Potion            ||     2
 Stab: Invisible         ||     1
Armor: Leather armour    ||    17
Dodge: Dodged            ||    24
